 Dungeon Crawl Stone Soup version 0.19.4 (webtiles) character file.

119 Naow the Conjurer (level 4, -5/24 HPs)
             Began as a Deep Elf Conjurer on Feb 1, 2017.
             Killed by divine providence
             ... invoked by an orc priest
              (12 damage)
             ... on level 3 of the Dungeon.
             The game lasted 00:02:28 (3032 turns).

Naow the Conjurer (Deep Elf Conjurer)               Turns: 3032, Time: 00:02:29

Health: -5/24      AC:  5    Str:  5    XL:     4   Next: 74%
Magic:  0/12       EV: 13    Int: 21    God:
Gold:   174        SH:  0    Dex: 15    Spells: 2 memorised, 9 levels left

rFire  . . .     SeeInvis .     (no weapon)
rCold  . . .     Gourm    .     a - +0 robe
rNeg   . . .     Faith    .     (no shield)
rPois  .         Spirit   .     (no helmet)
rElec  .         Reflect  .     (no cloak)
rCorr  .         Harm     .     t - +2 pair of gloves
MR     .....                    (no boots)
Stlth  ++........               o - amulet of magic regeneration
                                (no ring)
                                (no ring)

@: no status effects
A: no striking features
a: no special abilities


You were on level 3 of the Dungeon.
You were not hungry.

You visited 1 branch of the dungeon, and saw 3 of its levels.

You collected 174 gold pieces.

Inventory:

Armour
 a - a +0 robe (worn)
 t - a +2 pair of gloves (worn)
Jewellery
 o - an amulet of magic regeneration (around neck)
Scrolls
 d - 3 scrolls of remove curse {unknown}
 e - 3 scrolls of random uselessness {unknown}
 f - a scroll of noise {unknown}
 h - a scroll of recharging {unknown}
 m - 3 scrolls of magic mapping {unknown}
 p - a scroll of identify {unknown}
 s - a scroll of teleportation {unknown}
 v - a scroll of enchant weapon {unknown}
Potions
 j - a potion of degeneration {unknown}
 k - a potion of curing {unknown}
 l - 4 potions of heal wounds {unknown}
 n - a potion of invisibility {unknown}
 q - 2 potions of might {unknown}
Books
 b - a book of Conjurations

   Spells                             Type                      Level
   a - Magic Dart                     Conjuration                  1
   b - Searing Ray                    Conjuration                  2
   c - Dazzling Spray                 Conjuration/Hexes            3
   d - Fulminant Prism                Conjuration/Hexes            4
   e - Iskenderun's Mystic Blast      Conjuration                  4
   f - Iskenderun's Battlesphere      Conjuration/Charms           5
Comestibles
 c - 4 bread rations
 g - a beef jerky
 i - a royal jelly
 r - 4 chunks of flesh
 u - a slice of pizza


   Skills:
 - Level 2.4 Dodging
 - Level 2.4 Stealth
 + Level 4.6 Spellcasting
 * Level 6.0 Conjurations


You had 9 spell levels left.
You knew the following spells:

 Your Spells              Type           Power        Failure   Level  Hunger
a - Magic Dart            Conj           ####         1%          1    None
b - Searing Ray           Conj           ####..       1%          2    #......


Dungeon Overview and Level Annotations

Branches:
Dungeon (3/15)

Altars:


Message History

Casting: Searing Ray
Confirm with . or Enter, or press ? or * to list all spells.
Aiming: Magic Dart
Press: ? - help, Shift-Dir - straight line, f/p - orc priest
Aim: an orc priest, wielding an enchanted mace and wearing a leather armour (heavily wounded)
The magic dart hits the orc priest.
The orc priest is severely wounded.
Some of the chunks of flesh in your inventory have rotted away.
Found 19 gold pieces.
Casting: Magic Dart
Confirm with . or Enter, or press ? or * to list all spells.
Aiming: Magic Dart
Press: ? - help, Shift-Dir - straight line, f/p - orc priest
Aim: an orc priest, wielding an enchanted mace and wearing a leather armour (severely wounded)
The magic dart hits the orc priest.
The orc priest is severely wounded.
The orc priest invokes the aid of Beogh against you.
Beogh smites you!
Ouch! That really hurt!
You die...

..#.. ..........# ..#.#
#.......### ..#.# #.........#
..#.# +.......#.###### #
#.#.# #....####......#..#
....# #...######........#
#.).#######..###.............
##...............o####)##..##
......###..#####@.# ... ##
####..##..## #.....# ).## #
#......# #.....a..##
#####.....# ....$..#.#
....#......# .#..#.....#
....#.......#.#....#.#..
.......#................
....##.#..#.......#...#
.....#....##...


You could see a worker ant (wandering) and an orc priest.

Vanquished Creatures
  Ijyb (D:2)
  3 adders
  An adder skeleton (D:3)
  A dart slug (D:1)
  3 leopard geckos
  4 orcs (D:3)
  3 giant cockroaches
  6 goblins
  3 hobgoblins
  3 jackals (D:1)
  8 kobolds
  2 quokkas (D:2)
  A ball python (D:1)
  10 bats
  2 frilled lizards
  7 rats
58 creatures vanquished.

Notes
Turn   | Place    | Note
-------+----------+-------------------------------------------
     0 | D:1      | Naow the Deep Elf Conjurer began the quest for the Orb.
     0 | D:1      | Reached XP level 1. HP: 10/10 MP: 6/6
   630 | D:1      | Reached XP level 2. HP: 15/15 MP: 5/8
   818 | D:1      | Reached skill level 5 in Conjurations
   822 | D:1      | Learned a level 2 spell: Searing Ray
  1683 | D:2      | Reached XP level 3. HP: 19/19 MP: 6/10
  1929 | D:2      | Noticed Ijyb
  1938 | D:2      | Killed Ijyb
  2598 | D:2      | Reached XP level 4. HP: 24/24 MP: 10/12
  3022 | D:3      | Reached skill level 6 in Conjurations
  3032 | D:3      | Killed from afar by an orc priest

Skill      XL: |  1  2  3  4 |
---------------+-------------+-----
Conjurations   | 5 6 |  6.0
Spellcasting   | 4 |  4.6
Dodging        | |  2.4
Stealth        | |  2.4

Action                   |  1- 3 |  4- 6 || total
-------------------------+-------+-------++-------
 Cast: Magic Dart        |    75 |    43 ||   118
       Searing Ray       |       |     2 ||     2
  Eat: Chunk             |     5 |     1 ||     6
Armor: Robe              |     5 |       ||     5
Dodge: Dodged            |    20 |     7 ||    27
